 Dungeon Crawl Stone Soup version 0.22.1-2-g9c5b331383 (webtiles) character file.

27 McIrco the Sneak (level 2, -3/19 HPs)
             Began as a Vampire Enchanter on Jan 5, 2019.
             Slain by a worm (10 damage)
             ... on level 2 of the Dungeon.
             The game lasted 00:01:59 (3753 turns).

McIrco the Sneak (Vampire Enchanter)                Turns: 3753, Time: 00:01:59

Health: -3/19      AC:  2    Str:  7    XL:     2   Next: 93%
Magic:  5/5        EV: 13    Int: 17    God:
Gold:   54         SH:  0    Dex: 14    Spells: 4/5 levels left

rFire    . . .     SeeInvis +   c - +2 dagger (vamp)
rCold    + + .     Gourm    .   (no shield)
rNeg     + + +     Faith    .   b - +0 robe
rPois    ∞         Spirit   .   (no helmet)
rElec    .         Reflect  .   (no cloak)
rCorr    .         Harm     .   (no gloves)
MR       .....                  (no boots)
Stlth    +++++.....             (no amulet)
HPRegen  0.00/turn              (no ring)
MPRegen  0.09/turn              (no ring)

@: bloodless, non-regenerating
A: fangs 3, see invisible, unbreathing
a: no special abilities


You were on level 2 of the Dungeon.
You were bloodless.

You visited 1 branch of the dungeon, and saw 2 of its levels.

You collected 54 gold pieces.

Inventory:

Hand Weapons
 a - a +1 dagger
 c - a +2 vampiric dagger (weapon)
Armour
 b - a +0 robe (worn)
Scrolls
 e - a scroll of identify {unknown}
 f - a scroll of fear {unknown}
 h - a scroll of teleportation {unknown}
 i - a scroll of enchant weapon {unknown}
 j - a scroll of remove curse {unknown}
Potions
 d - 10 potions of blood
 g - a potion of mutation {unknown}
 k - a potion of haste {unknown}


   Skills:
 + Level 1.2 Short Blades
 * Level 2.7 Dodging
 + Level 5.0 Stealth
 + Level 2.1 Spellcasting
 + Level 5.0 Hexes


You had 4 spell levels left.
You knew the following spells:

 Your Spells              Type           Power        Failure   Level  Hunger
a - Corona                Hex            ###....      2%          1    #......

Your spell library contained the following spells:

 Spells                   Type           Power        Failure   Level  Hunger
 Confuse                  Hex            ###.....     8%          3    ###....
 Tukima's Dance           Hex            ###.....     8%          3    ###....
 Ensorcelled Hibernation  Hex/Ice        ##....       11%         2    ###....
 Dazzling Spray           Conj/Hex       ##....       21%         3    ###....


Dungeon Overview and Level Annotations

Branches:
Dungeon (2/15)

Altars:


Innate Abilities, Weirdness & Mutations

You do not heal naturally.
You are immune to poison.
You have razor-sharp teeth.
You have supernaturally acute eyesight. (SInv)
You can survive without breathing.


Message History

You are too injured to fight recklessly!
You are too injured to fight recklessly!
You are too injured to fight recklessly!
You are too injured to fight recklessly!
You are too injured to fight recklessly!
You hit the worm.
You feel better.
The worm is heavily wounded.
You hit the worm.
The worm is severely wounded.
The worm barely misses you.
You hit the worm.
You feel better.
The worm is severely wounded.
You barely miss the worm.
The worm is severely wounded.
The worm bites you.
You hit the worm.
The worm is severely wounded.
The worm bites you!
Ouch! That really hurt!
You die...

# #.# #.#....).#.## # #.#
#.#.........# # #.#
#.######.#..# # #.# #..(.#
#.#..#### #######.#
####.###+#.....#
........#######.##...#.##.#
#######...<........<...# #
........##.####w.......#
...........# #.@......#
.##############......####
.##...........#..........
.##.#########.#..########
................>........
.##.#########.###########
.##.# ###.......... .##.#
#...........#
.##.#######...........#


You could see a worm.

Vanquished Creatures
  A ball python (D:2)
  3 goblins
  4 hobgoblins (D:1)
  2 jackals (D:1)
  3 bats (D:1)
  5 kobolds
  8 rats (D:1)
26 creatures vanquished.

Notes
Turn   | Place    | Note
-------+----------+-------------------------------------------
     0 | D:1      | McIrco the Vampire Enchanter began the quest for the Orb.
     0 | D:1      | Reached XP level 1. HP: 13/13 MP: 3/3
  3036 | D:1      | Reached XP level 2. HP: 19/19 MP: 5/5
  3093 | D:1      | Reached skill level 5 in Stealth
  3470 | D:1      | Reached skill level 5 in Hexes
  3753 | D:2      | Slain by a worm

Skill      XL: |  1  2 |
---------------+-------+-----
Stealth        | 5 |  5.0
Hexes          | 5 |  5.0
Short Blades   | |  1.2
Dodging        | |  2.7
Spellcasting   | |  2.1

Action                   || total
-------------------------++-------
Melee: Dagger            ||    91
       Bite              ||     4
 Stab: Sleeping          ||     6
Armor: Robe              ||    14
Dodge: Dodged            ||    50
